 Dungeon Crawl Stone Soup version 0.22.1-2-g9c5b331 (webtiles) character file.

3789 sanboga the Cleaver (level 10, -5/97 HPs)
             Began as a Gargoyle Berserker on Dec 5, 2018.
             Was a High Priest of Trog.
             Killed by the air
             ... invoked by Gastronok
              (22 damage)
             ... on level 8 of the Dungeon.
             The game lasted 00:14:14 (8714 turns).

sanboga the Cleaver (Gargoyle Berserker)            Turns: 8714, Time: 00:14:14

Health: -5/97      AC: 23    Str: 29    XL:     10   Next: 16%
Magic:  10/10      EV:  8    Int:  8    God:    Trog [*****.]
Gold:   395        SH:  0    Dex:  9    Spells: 9/9 levels left

rFire    . . .     SeeInvis .   j - +0 hand axe (freeze)
rCold    . . .     Gourm    .   (no shield)
rNeg     + . .     Faith    .   d - +0 plate armour
rPois    ∞         Spirit   .   o - +1 helmet
rElec    +         Reflect  .   (no cloak)
rCorr    .         Harm     .   (no gloves)
MR       .....                  (no boots)
Stlth    ..........             (no amulet)
HPRegen  0.26/turn              (no ring)
MPRegen  0.12/turn              (no ring)

@: berserking (expiring), slowed
A: negative energy resistance 1, electricity resistance, unbreathing,
petrification resistance, rot immunity, AC +7
a: Berserk, Trog's Hand, Brothers in Arms, Renounce Religion


You were on level 8 of the Dungeon.
You worshipped Trog.
Trog was extremely pleased with you.
You were not hungry.

You visited 1 branch of the dungeon, and saw 8 of its levels.
You also visited: Ossuary.

You collected 395 gold pieces.

Inventory:

Hand Weapons
 g - a +0 war axe
 j - a +0 hand axe of freezing (weapon)
Armour
 d - a +0 plate armour (worn)
 o - a +1 helmet (worn)
Wands
 a - a wand of paralysis (14)
 n - a wand of polymorph (14)
 p - a wand of flame (26)
Scrolls
 b - a scroll of fear
 h - a scroll of teleportation
 l - 3 scrolls of identify
 m - 4 scrolls of remove curse
 s - a scroll of enchant armour
Potions
 e - a potion of heal wounds
 f - 5 potions of flight
 k - a potion of invisibility
 q - 2 potions of cancellation
Comestibles
 c - 10 rations


   Skills:
 + Level 8.6 Fighting
 * Level 9.7 Axes
 + Level 8.1 Armour
 - Level 1.5 Dodging


You had 9 spell levels left.
You didn't know any spells.
Your spell library was empty.

Dungeon Overview and Level Annotations

Branches:
Dungeon (8/15)             Temple (0/1) D:6            Lair (0/6) D:8

Altars:
Kikubaaqudgha

Shops:
D:7 :

Annotations:
D:8 Gastronok


Innate Abilities, Weirdness & Mutations

You are resistant to torment.
Your stone body is resilient. (AC +7)
You are immune to poison.
You resist negative energy. (rN+)
You are resistant to electric shocks. (rElec)
You can survive without breathing.
You are immune to petrification.
You are immune to rotting.


Message History

You slash the ogre! You freeze the ogre.
Gastronok looks at you and mumbles some strange words.
You feel yourself slow down. The ogre hits you but does no damage.
You slash the ogre! You freeze the ogre.
The ogre is almost dead.
You hit Gastronok. You freeze Gastronok. You hit the ogre. You freeze the ogre.
You kill the ogre!
Trog accepts your kill.
You slash the orc wizard! You freeze the orc wizard. You slash Gastronok!
You freeze Gastronok. You slash Gastronok! You freeze Gastronok!
Gastronok is severely wounded.
You closely miss the orc wizard.
The orc wizard gestures at you while chanting.
The magic dart hits you!
* * * LOW HITPOINT WARNING * * *
Gastronok waves his eye-stalks in wide circles.
The air twists around and strikes you!
You die...

......# #....# #..
......# #....# .##...
......# ##...# .#....
......# #....## ....#
......###.....# ...##
..............###....#
................$....##.
.............##o).......
..........######@w.##..
...........# ##..#
.......#...# #.#
....####....# .# ##.##
##.#..# # .# #....#


You could see Gastronok and an orc wizard.

Vanquished Creatures
  A hippogriff (D:7)
  Duvessa (D:4)
  4 orc warriors
  An ice beast (D:5)
  A black bear (D:5)
  3 ogres
  A necrophage (D:6)
  A sky beast (D:5)
  3 centaurs
  3 bullfrogs
  Dowan (D:4)
  A water moccasin zombie (D:2)
  A scorpion (D:8)
  A water moccasin skeleton (D:8)
  3 wights (D:8)
  A howler monkey (D:6)
  5 crimson imps
  3 centaur zombies (Ossuary)
  4 hounds (D:6)
  A centaur skeleton (D:8)
  12 orc priests
  A jelly (D:7)
  Terence (D:2)
  Ijyb (D:4)
  4 iguanas
  Natasha (thrice) (D:2)
  8 orc wizards
  7 worker ants
  A big kobold zombie (Ossuary)
  A hound zombie (D:7)
  A hound skeleton (D:6)
  2 mummies (Ossuary)
  A howler monkey skeleton (D:7)
  8 adders
  A shadow imp (D:5)
  An ooze (D:1)
  3 adder zombies
  An adder skeleton (D:4)
  3 worms
  4 leopard geckos
  24 orcs
  8 bats
  5 giant cockroaches
  A gnoll zombie (D:7)
  10 goblins
  8 hobgoblins
  2 jackals (D:7)
  6 quokkas
  3 frilled lizards
  3 goblin zombies (Ossuary)
  10 hobgoblin zombies (Ossuary)
  3 jackal zombies
  8 kobolds
  12 kobold zombies (Ossuary)
  4 orc zombies (Ossuary)
  2 quokka skeletons
  4 rats
  A rat zombie (Ossuary)
218 creatures vanquished.

Vanquished Creatures (others)
  A human (D:3)
1 creature vanquished.

Grand Total: 219 creatures vanquished

Notes
Turn   | Place    | Note
-------+----------+-------------------------------------------
     0 | D:1      | sanboga the Gargoyle Berserker began the quest for the Orb.
     0 | D:1      | Reached XP level 1. HP: 14/14 MP: 1/1
   195 | D:1      | Reached XP level 2. HP: 12/19 MP: 2/2
   409 | D:1      | Reached skill level 3 in Axes
  1041 | D:2      | Reached XP level 3. HP: 22/23 MP: 3/3
  1152 | D:2      | Noticed Natasha
  1156 | D:2      | Killed Natasha
  1174 | D:2      | Noticed Terence
  1175 | D:2      | Reached XP level 4. HP: 27/29 MP: 4/4
  1193 | D:2      | Killed Terence
  1221 | D:2      | Noticed Natasha
  1228 | D:2      | Killed Natasha
  1228 | D:2      | Reached skill level 4 in Axes
  1275 | D:2      | Reached XP level 5. HP: 21/33 MP: 5/5
  1418 | D:2      | Reached ** piety under Trog
  1543 | D:2      | Noticed Natasha
  1551 | D:2      | Killed Natasha
  2178 | D:3      | Reached XP level 6. HP: 37/39 MP: 6/6
  2389 | D:3      | Found an ancient bone altar of Kikubaaqudgha.
  2717 | D:3      | Noticed a human
  2722 | D:3      | Killed a human
  3218 | D:4      | Reached skill level 5 in Axes
  3559 | D:4      | Noticed Dowan
  3560 | D:4      | Noticed Duvessa
  3581 | D:4      | Killed Duvessa
  3581 | D:4      | Reached skill level 5 in Fighting
  3581 | D:4      | Reached XP level 7. HP: 20/44 MP: 7/7
  3590 | D:4      | Killed Dowan
  4232 | D:4      | Noticed Ijyb
  4243 | D:4      | Killed Ijyb
  4375 | D:5      | Entered Level 5 of the Dungeon
  4488 | D:5      | Reached skill level 6 in Axes
  4488 | D:5      | Reached skill level 5 in Armour
  4716 | D:5      | Reached *** piety under Trog
  4867 | D:5      | Reached XP level 8. HP: 32/51 MP: 8/8
  5421 | D:6      | Found a staircase to the Ecumenical Temple.
  5486 | D:6      | Reached skill level 7 in Axes
  5784 | D:6      | Reached XP level 9. HP: 16/56 MP: 9/9
  5784 | D:6      | HP: 2/84 [orc priest/divine providence (14)]
  6124 | D:6      | Reached **** piety under Trog
  6128 | D:6      | Reached skill level 8 in Axes
  6803 | D:7      | Found a sand-covered staircase.
  6820 | Ossuary  | Entered an ossuary
  7677 | D:7      | Reached skill level 9 in Axes
  7907 | D:7      | Reached ***** piety under Trog
  7918 | D:7      | Found Sujur's Book Boutique.
  7968 | D:7      | Received a gift from Trog
  8484 | D:8      | Reached XP level 10. HP: 64/64 MP: 10/10
  8612 | D:8      | Found a staircase to the Lair.
  8698 | D:8      | Noticed Gastronok
  8714 | D:8      | Killed from afar by Gastronok

Skill      XL: |  1  2  3  4  5  6  7  8  9 10 |
---------------+-------------------------------+-----
Axes           | 3 4 5 6 7 9 |  9.7
Fighting       | 4 5 6 8 |  8.6
Armour         | 3 4 5 6 7 8 |  8.1
Dodging        | |  1.5

Action                   |  1- 3 |  4- 6 |  7- 9 | 10-12 || total
-------------------------+-------+-------+-------+-------++-------
Melee: Hand axe          |    82 |   295 |   665 |    69 ||  1111
       Unarmed           |       |       |     4 |       ||     4
Invok: Berserk           |       |     1 |     6 |     1 ||     8
  Use: Scroll            |     4 |     7 |     6 |     3 ||    20
       Potion            |       |       |     6 |       ||     6
  Eat: Chunk             |     1 |     9 |    17 |       ||    27
       Ration            |       |       |     1 |     1 ||     2
Armor: Animal skin       |    33 |       |       |       ||    33
       Ring mail         |     8 |     4 |       |       ||    12
       Chain mail        |       |   152 |   227 |       ||   379
       Skin              |       |       |     1 |       ||     1
       Plate armour      |       |       |   227 |    66 ||   293
Dodge: Dodged            |    56 |   142 |   230 |    14 ||   442
